[Event "Swiss Championship U16 2022"]
[Site "Biel"]
[Date "2022.07.20"]
[Round "6.8"]
[White "Sosnovski, Nikita"]
[Black "Kwiatkowski, Jakub"]
[Result "0-1"]
[ECO "B92"]
[WhiteElo "1584"]
[BlackElo "1770"]
[Annotator "NA RC COMBH"]
[PlyCount "37"]
[EventDate "2022.07.18"]
[EventType "swiss"]
[EventCountry "SUI"]
[SourceTitle "playchess.com"]
[Source "ChessBase"]
[SourceQuality "1"]
[TimeControl "5400+30"]

1. e4 c5 2. Nf3 d6 3. d4 cxd4 4. Nxd4 Nf6 5. Nc3 a6 6. Be2 e5 7. Nb3 Be6 8. O-O Be7 9. Be3 O-O 10. Qd3 Nc6 11. Nd5 Nxd5 12. exd5 Nb4 13. Qd2 Nxd5 14. c4 Nxe3 15. Qxe3 Qc7 16. Rac1 Rac8 17. Bd3 f5 18. f3 h6 19. Rfe1 0-1

[Event "Swiss Championship U16 2022"]
[Site "Biel"]
[Date "2022.07.21"]
[Round "7.1"]
[White "Kasipour Azbari, Seyed Arvin"]
[Black "Schellenberg, Simon"]
[Result "1/2-1/2"]
[ECO "B01"]
[WhiteElo "1944"]
[BlackElo "1899"]
[Annotator "TA"]
[PlyCount "61"]
[EventDate "2022.07.18"]
[EventType "swiss"]
[EventCountry "SUI"]
[SourceTitle "playchess.com"]
[Source "ChessBase"]
[SourceQuality "1"]
[TimeControl "5400+30"]

1. e4 d5 2. exd5 Nf6 3. d4 Nxd5 4. c4 Nf6 5. Nf3 Bf5 6. Nc3 {[%emt 0:02:37] B01: Scandinavian Defence.} c6 7. Be2 e6 8. Qb3 {[%emt 0:05:24] White is slightly better.} Qc7 9. O-O Be7 10. h3 (10. Bf4 $5 Qb6 11. Nh4 $16) 10... Nbd7 11. Be3 (11. Nh4 $5 ) 11... O-O 12. Rfd1 {[%emt 0:06:24] [#]} (12. Nh4 {with more complications.} Ne4 13. Nxf5 exf5 14. Qc2) 12... Rfd8 $146 ({Predecessor:} 12... Ne4 13. Nxe4 Bxe4 14. Rac1 c5 15. d5 Bd6 16. dxe6 fxe6 {1-0 (31) Bramme,I (2092)-Soyeur,N France 1999}) 13. Rac1 (13. Nh4 {is interesting.} Ne4 14. Nxf5 exf5 15. Re1) 13... h6 14. a3 Nb6 (14... Bg6 $11) 15. Ne5 (15. d5 $5) 15... Nbd7 (15... a5 {feels hotter.} 16. Bd3 a4 17. Qc2 Bxd3 18. Qxd3 Nbd7) 16. Nxd7 Qxd7 17. Bf3 b6 18. d5 cxd5 19. cxd5 {[%emt 0:02:23] [#] Strongly threatening g4.} Rac8 20. dxe6 (20. g4 $5 Bg6 21. dxe6 Qxe6 22. Qxe6 fxe6 23. Rxd8+ Rxd8 24. Nb5 $14) 20... Qxe6 21. Qxe6 Bxe6 22. Nb5 Rxd1+ 23. Rxd1 a6 ({Resist} 23... Rc2 24. b4 $16) (23... a5 $1 $11 {is superior.}) 24. Nd4 $14 {[%emt 0:08:38] White is more active.} b5 25. Bb7 Rb8 26. Bf3 (26. Bxa6 $5 Bd7 27. Nf3 $16) 26... Rc8 $1 27. Nxe6 fxe6 28. Bd4 Rd8 29. Bxf6 {[%emt 0:00:00] A strong pair of Bishops.} Rxd1+ 30. Bxd1 Bxf6 31. b3 {[%emt 0:00:00] Weighted Error Value: White=0.15 (very precise) /Black=0.11 (very precise)} 1/2-1/2

[Event "Swiss Championship U16 2022"]
[Site "Biel"]
[Date "2022.07.21"]
[Round "7.2"]
[White "Rotunno, Flavio"]
[Black "Erne, Raphael"]
[Result "0-1"]
[ECO "D19"]
[WhiteElo "1901"]
[BlackElo "2060"]
[Annotator "NA RC"]
[PlyCount "92"]
[EventDate "2022.07.18"]
[EventType "swiss"]
[EventCountry "SUI"]
[SourceTitle "playchess.com"]
[Source "ChessBase"]
[SourceQuality "1"]
[TimeControl "5400+30"]

1. d4 d5 2. c4 c6 3. Nc3 Nf6 4. Nf3 dxc4 5. a4 Bf5 6. e3 e6 7. Bxc4 Bb4 8. O-O O-O 9. Qe2 Bg6 10. Ne5 Nbd7 11. Nxg6 hxg6 12. Rd1 Qe7 13. e4 e5 14. d5 Rac8 15. dxc6 bxc6 16. Bg5 Nc5 17. Bxf6 gxf6 18. Na2 Rb8 19. Qg4 Kg7 20. Nc1 Rh8 21. Ne2 f5 22. Qf3 Nxe4 23. b3 Bc5 24. Rf1 Nd2 25. Qc3 Nxf1 26. Rxf1 Rbd8 27. h3 Rd7 28. Nc1 Bd4 29. Qg3 e4 30. Ne2 Be5 31. Qe3 Rhd8 32. Nf4 Qd6 33. Ne2 Bd4 34. Nxd4 Qxd4 35. Qg5 Qf6 36. Qe3 Rd4 37. Qf4 Qd6 38. Qe3 c5 39. Qc3 f6 40. Qa5 Qb6 41. Qc3 Rd1 42. Qg3 Rxf1+ 43. Bxf1 Rd1 44. b4 cxb4 45. Qb3 Qd4 46. g4 Qd3 0-1

[Event "Swiss Championship U16 2022"]
[Site "Biel"]
[Date "2022.07.21"]
[Round "7.3"]
[White "Palmonella, Valentin"]
[Black "Gemelli, Romain"]
[Result "0-1"]
[ECO "B30"]
[WhiteElo "1778"]
[BlackElo "2045"]
[Annotator "TA"]
[PlyCount "44"]
[EventDate "2022.07.18"]
[EventType "swiss"]
[EventCountry "SUI"]
[SourceTitle "playchess.com"]
[Source "ChessBase"]
[SourceQuality "1"]
[TimeControl "5400+30"]

1. e4 c5 2. Nf3 Nc6 3. Bc4 Nf6 4. d3 e6 5. O-O d5 6. exd5 {[%emt 0:03:39] B30: Sicilian: 2...Nc6 3 Bb5, lines without ...g6.} exd5 7. Bb5 Be7 (7... Bd6 {looks sharper.} 8. Qe2+ Be6 9. Ng5 Qd7) 8. c3 {[%emt 0:02:22] The position is equal.} O-O 9. d4 Qb6 10. Be2 {[%emt 0:10:21] [#]} Ne4 $146 {[%emt 0:05:08] Black is more active.} ({Black should play} 10... Re8 $17) ({Predecessor:} 10... Bf5 11. h3 Rfe8 12. dxc5 Bxc5 13. Nbd2 Bc2 14. Qxc2 Rxe2 15. Qd3 Bxf2+ 16. Kh1 Nh5 17. Nd4 Nxd4 18. Rxf2 Rxf2 19. cxd4 Re8 20. Nf3 Rf1+ {0-1 (20) Alishani,I (2167)-Firat,B (2428) Skopje 2013}) 11. dxc5 Bxc5 12. Qe1 {[%emt 0:00:32][%mdl 8192] [#] This move loses the game for White.} (12. Qxd5 $15 Bxf2+ 13. Kh1) 12... Re8 $19 13. Be3 Bxe3 14. fxe3 Qxb2 ({Don't go for} 14... Qxe3+ $2 15. Kh1 $19) 15. Nbd2 Qxc3 16. Bb5 Nxd2 17. Nxd2 Qxe3+ 18. Qxe3 Rxe3 19. Kf2 Re8 20. Rac1 Bd7 21. Rc5 Rac8 22. Rb1 a6 {[%emt 0:02:49] Weighted Error Value: White=0.43/Black=0.18 (very precise)} 0-1

[Event "Swiss Championship U16 2022"]
[Site "Biel"]
[Date "2022.07.21"]
[Round "7.4"]
[White "Papaux, Steve"]
[Black "Doetsch-Thaler, Nicos"]
[Result "1-0"]
[ECO "A50"]
[WhiteElo "2031"]
[BlackElo "1837"]
[Annotator "TA"]
[PlyCount "117"]
[EventDate "2022.07.18"]
[EventType "swiss"]
[EventCountry "SUI"]
[SourceTitle "playchess.com"]
[Source "ChessBase"]
[SourceQuality "1"]
[TimeControl "5400+30"]

1. d4 Nf6 2. c4 e6 3. g4 Nxg4 4. e4 Nf6 {[%emt 0:03:02] [#]} 5. Nc3 $146 ({Predecessor:} 5. e5 Ng8 6. Bd3 Ne7 7. Nf3 g6 8. h4 h5 9. Nc3 d5 10. exd6 Qxd6 11. Ne4 Qb4+ 12. Bd2 Qxb2 13. Rb1 Qa3 14. Nf6+ Kd8 15. Rb3 Qa6 16. Ne5 {1-0 (16) Krasenkova,I (2081)-Hoffman,S (1659) Dos Hermanas 2004}) 5... Bb4 {[%emt 0:07:11] aiming for ...Nxe4.} 6. Bg2 {[%emt 0:10:17] A50: Queen's Fianchetto Defence (1 d4 Nf6 2 c4 b6).} c5 7. a3 Bxc3+ 8. bxc3 {[%emt 0:04:29] Black is better.} d6 9. f4 e5 (9... d5 $17 10. exd5 O-O 11. dxe6 (11. dxc5 exd5 12. Nf3 Nc6 $17) 11... Bxe6 12. Bxb7 Bg4) 10. dxe5 $11 dxe5 11. Qxd8+ (11. fxe5 $2 Qxd1+ 12. Kxd1 Ng4 $19) 11... Kxd8 12. fxe5 Ng4 (12... Nfd7 $5 ) 13. Bg5+ (13. Nf3 $11) 13... Kc7 (13... Ke8 $15 14. Nf3 h6) 14. Nf3 (14. Bf4 $1 $11) 14... Nc6 ({Black should play} 14... h6 $1 $17 15. Bf4 g5) 15. Bf4 {[%emt 0:00:00] This bishop pair is nice.} Be6 16. h3 Nh6 (16... g5 $5 17. Nxg5 Ngxe5 $11) 17. O-O-O Bxc4 (17... Rad8 $11 {keeps the balance.}) 18. Rd6 (18. Bf1 $16 Bxf1 19. Rhxf1) 18... Be6 ({Better is} 18... Rae8 $11) 19. Ng5 $1 $14 Bc4 (19... Rae8 $14) 20. e6 f6 (20... fxe6 $16 {keeps fighting.} 21. Nxe6+ Bxe6) 21. Nf7 $2 (21. Nf3 $1 $18) 21... Nxf7 $11 22. Rd7+ Kb6 23. Bc7+ ({Of course not} 23. exf7 Be6 24. Bc7+ Kb5 $17) 23... Kb5 24. exf7 Be6 25. Rd2 (25. a4+ $15 Kxa4 26. Rd5) 25... Bxf7 (25... Rac8 $142 26. Bh2 Rhf8 27. Rb2+ Ka4 28. Rxb7 Rxf7 29. Rxf7 Bxf7) 26. Rb2+ $17 Ka6 27. Rd1 Rhe8 28. e5 {[%emt 0:01:34] Hoping for Rd6.} fxe5 (28... Bc4 $1 $17 29. Rd6 Re6) 29. Rd6 $1 $132 {[%emt 0:00:44][%mdl 2048] White is not keeping still} e4 {[%emt 0:03:23] Strongly threatening ...Re7.} 30. Bf1+ $1 c4 {[%emt 0:00:00] And now ...Re7 would win.} 31. Rb4 $1 Rac8 32. Rxc4 {[%emt 0:01:34] [#]} Bxc4 (32... b6 $1 $11 33. Rcxc6+ Kb7) 33. Bxc4+ $16 b5 34. Rxc6+ Kb7 {[%emt 0:00:00] [#]} 35. Bd5 {[%emt 0:02:05] White is more active.} Rxc7 {[%emt 0:00:10][%mdl 4096] Endgame KRR-KRB} (35... e3 36. Kd1) 36. Re6+ {[%emt 0:00:00][%mdl 64] Discovered Attack} Kc8 37. Rxe8+ {[%emt 0:00:00] KRB-KR} Kd7 38. Rg8 Rxc3+ 39. Kb2 Rxh3 (39... Re3 $142) 40. Rxg7+ Kd6 41. Bxe4 Rh2+ (41... a5 $16 42. Rxh7 Rg3) 42. Bc2 $1 $18 a5 43. Rxh7 Rf2 (43... Rxh7 44. Bxh7 Kc5) 44. Ra7 $1 a4 45. Kc3 Kc5 46. Rb7 Rf3+ {[%emt 0:00:00] [#]} 47. Bd3 $1 Kc6 48. Rb8 Rg3 49. Rf8 Kc5 50. Rf5+ Kc6 51. Re5 Rh3 52. Kd4 Rh4+ 53. Re4 Rh5 54. Re6+ Kc7 55. Re5 Rxe5 56. Kxe5 {[%emt 0:00:34] White mates.} b4 57. axb4 a3 58. Bc4 Kb6 {[%emt 0:00:00] [#]} 59. Kd4 $1 {[%emt 0:01:03] Weighted Error Value: White=0.25 (precise) /Black=0.44} 1-0

[Event "Swiss Championship U16 2022"]
[Site "Biel"]
[Date "2022.07.21"]
[Round "7.5"]
[White "Kwiatkowski, Jakub"]
[Black "Knapp, Yanik"]
[Result "1-0"]
[ECO "B30"]
[WhiteElo "1770"]
[BlackElo "1675"]
[Annotator "NA RC COMBH"]
[PlyCount "97"]
[EventDate "2022.07.18"]
[EventType "swiss"]
[EventCountry "SUI"]
[SourceTitle "playchess.com"]
[Source "ChessBase"]
[SourceQuality "1"]
[TimeControl "5400+30"]

1. e4 c5 2. Nc3 Nc6 3. Nf3 e5 4. Bc4 d6 5. O-O Be7 6. a4 Be6 7. Nd5 Nf6 8. Nxf6+ Bxf6 9. d3 O-O 10. c3 a6 11. Be3 Rc8 12. Bxe6 fxe6 13. b4 cxb4 14. cxb4 Nd4 15. Nxd4 exd4 16. Bd2 Qd7 17. f4 d5 18. e5 Be7 19. Qb3 b5 20. axb5 Qxb5 21. Ra5 Qb7 22. Rfa1 Rc6 23. Qa4 Rb8 24. Rxa6 Rxa6 25. Qxa6 Qxa6 26. Rxa6 Bxb4 27. Bxb4 Rxb4 28. Rxe6 Rb3 29. Rd6 Rxd3 30. Rxd5 Kf7 31. f5 Ke7 32. Kf2 Rd2+ 33. Kf3 d3 34. g4 Rxh2 35. Rxd3 h6 36. Rd6 Ra2 37. Rg6 Kf7 38. e6+ Kf8 39. f6 gxf6 40. Rxf6+ Kg7 41. Rf7+ Kg8 42. Ke4 Ra5 43. Rf5 Ra4+ 44. Ke5 Ra7 45. Kf6 Kf8 46. Rd5 Ke8 47. Rb5 Ra8 48. Rb7 Rc8 49. Rh7 1-0

[Event "Swiss Championship U16 2022"]
[Site "Biel"]
[Date "2022.07.21"]
[Round "7.6"]
[White "Zargarov, Mikayel"]
[Black "Gendre, Arthur"]
[Result "1-0"]
[ECO "E00"]
[WhiteElo "1994"]
[BlackElo "1414"]
[Annotator "TA"]
[PlyCount "35"]
[EventDate "2022.07.18"]
[EventType "swiss"]
[EventCountry "SUI"]
[SourceTitle "playchess.com"]
[Source "ChessBase"]
[SourceQuality "1"]
[TimeControl "5400+30"]

1. d4 Nf6 2. c4 e6 3. g3 Bb4+ 4. Bd2 Bxd2+ 5. Qxd2 O-O 6. Bg2 {[%emt 0:00:34] E00: Catalan Bogo-Indian (3 g3 Bb4+).} d5 7. Nc3 ({Better is} 7. Nf3 $11) 7... c6 ({Black should play} 7... dxc4 $15 8. Nf3 Nc6) 8. Nf3 $11 {[%emt 0:01:49] The position is equal.} Nbd7 9. b3 b6 10. cxd5 cxd5 11. O-O Bb7 {[%emt 0:26:37] [#]} 12. Qf4 $146 ({Predecessor:} 12. Rfc1 Qe7 13. e3 Rfc8 14. a4 Qb4 15. Qb2 Ba6 16. Na2 Qd6 17. b4 Bc4 18. Nc3 {0-1 (54) Yeletsky,I (2459)-Khanin,S (2517) Chess.com INT 2021}) 12... a6 13. Rfc1 Rc8 14. Ne1 b5 15. Nd3 Qb6 16. e3 Rc7 17. b4 Qa7 $2 {[%emt 0:02:32][%mdl 8192] [#]} 18. Qxc7 {[%emt 0:03:18] Weighted Error Value: White=0.12 (very precise) /Black=0.13 (very precise)} 1-0

[Event "Swiss Championship U16 2022"]
[Site "Biel"]
[Date "2022.07.21"]
[Round "7.7"]
[White "Saminskij, David"]
[Black "Kostov, Kyrill"]
[Result "0-1"]
[ECO "B50"]
[WhiteElo "1469"]
[BlackElo "2008"]
[Annotator "TA"]
[PlyCount "74"]
[EventDate "2022.07.18"]
[EventType "swiss"]
[EventCountry "SUI"]
[SourceTitle "playchess.com"]
[Source "ChessBase"]
[SourceQuality "1"]
[TimeControl "5400+30"]

1. e4 c5 2. Nf3 d6 3. c3 Nf6 4. Be2 Bd7 5. d3 Nc6 6. O-O {[%emt 0:00:13] B50: Sicilian: 2...d6, Miscellaneous.} e5 7. Be3 Be7 8. Nbd2 {[%emt 0:00:40] The position is equal.} O-O {[%emt 0:01:19] [#]} 9. h3 $146 ({Predecessor:} 9. a4 a6 10. d4 cxd4 11. cxd4 exd4 12. Nxd4 Nxd4 13. Bxd4 Bc6 14. f3 Nd7 15. Bf2 Bf6 16. Nc4 Nc5 {0-1 (16) Botero Torres,L (1542)-Nunez Romero,R (1635) Cartagena 2016}) 9... Re8 10. Rb1 (10. d4 $11) 10... a5 (10... d5 $15) 11. a4 h6 12. d4 exd4 13. cxd4 Bf8 14. Bd3 (14. dxc5 $15 dxc5 15. Bb5) 14... Nb4 $17 15. Bc2 Rc8 {[%emt 0:09:31] Black is more active.} ({Better is} 15... Nxc2 $17 16. Qxc2 Nxe4 $1 17. Nxe4 Bf5) 16. dxc5 dxc5 17. e5 Nfd5 18. Nc4 Nxe3 19. Nxe3 Be6 20. Bf5 Bxf5 21. Nxf5 Qb6 22. b3 Rcd8 23. Qc1 Qe6 (23... Nd3 $15 24. Qc2 Nxe5 25. Nxe5 Rxe5) 24. Ne3 $1 $11 Nd3 25. Qc3 b6 26. Nc4 Nf4 {[%emt 0:02:22] ...Ne2+ is the strong threat.} 27. Qe3 {[%emt 0:02:51] Prevents Ne2+.} Qf5 {[%emt 0:03:06] Strongly threatening ...Rd3.} 28. Rbd1 (28. Nxb6 $2 Rd3 29. Nc4 Rxe3 $19) 28... Rxd1 29. Rxd1 Re6 (29... Be7 $11 {remains equal.}) 30. Nd6 $2 {[%emt 0:02:38] Pair of Knights!} ({White should try} 30. Kh2 $1 $16 {Hoping for g4.} g5 31. Rd8) 30... Qc2 $40 {[%emt 0:03:24][%mdl 128] Black is out for blood.} 31. Rd2 Qc1+ 32. Kh2 {[%emt 0:02:57] [#]} Nxg2 33. Kxg2 {[%emt 0:04:57] This move loses the game for White.} (33. Qe4 $17 Bxd6 34. Rxd6 Qf4+ 35. Qxf4 Nxf4 36. Rxe6 fxe6 37. Nd2) 33... Rg6+ $19 34. Kh2 Qf1 35. Ng5 Rxg5 (35... Bxd6 $2 36. exd6 Rxg5 {[#]} 37. Qxg5 $3 (37. f4 $2 Rg1 $19) 37... hxg5 38. d7 $18) 36. f4 (36. f3 $142) 36... Rg1 $1 37. Qe2 $2 (37. Qxg1 Qxf4+ 38. Kg2 Qg5+ 39. Kh2 Qxd2+ 40. Qg2 Qxg2+ 41. Kxg2 Bxd6 42. exd6) 37... Rh1+ {[%emt 0:00:20] Weighted Error Value: White=0.50/Black=0.16 (very precise)} 0-1

[Event "Swiss Championship U16 2022"]
[Site "Biel"]
[Date "2022.07.21"]
[Round "7.8"]
[White "Hirzel, Cedric"]
[Black "Sosnovski, Nikita"]
[Result "1/2-1/2"]
[ECO "A13"]
[WhiteElo "1649"]
[BlackElo "1584"]
[Annotator "NA RC COMBH"]
[PlyCount "52"]
[EventDate "2022.07.18"]
[EventType "swiss"]
[EventCountry "SUI"]
[SourceTitle "playchess.com"]
[Source "ChessBase"]
[SourceQuality "1"]
[TimeControl "5400+30"]

1. c4 e6 2. g3 d5 3. Bg2 Nf6 4. Nf3 dxc4 5. Qa4+ Nbd7 6. Qxc4 c5 7. O-O Bd6 8. Rd1 O-O 9. d4 Qe7 10. Qc2 Rb8 11. e4 cxd4 12. Nxd4 a6 13. Nc3 Bc5 14. Nce2 Ng4 15. Rf1 Qf6 16. Nf3 Nde5 17. Bf4 Nxf3+ 18. Bxf3 Bxf2+ 19. Rxf2 Nxf2 20. Kxf2 e5 21. Qc7 exf4 22. Qxb8 Qb6+ 23. Ke1 Qb4+ 24. Kf2 Qb6+ 25. Ke1 Qb4+ 26. Kf2 Qb6+ 1/2-1/2